 Dungeon Crawl Stone Soup version 0.22-a0-224-g8cf3520 (webtiles) character file.

8984 galech the Grappler (level 11, -2/111 HPs)
             Began as a Troll Monk on Feb 19, 2018.
             Was a High Priest of Cheibriados.
             Slain by a death yak (5 damage)
             ... on level 10 of the Dungeon.
             The game lasted 00:15:06 (8359 turns).

galech the Grappler (Troll Monk)                    Turns: 8359, Time: 00:15:06

Health: -2/111     AC:  6    Str: 38    XL:     11   Next: 17%
Magic:  10/10      EV: 19    Int: 20    God:    Cheibriados [*****.]
Gold:   465        SH:  0    Dex: 32    Spells: 10/10 levels left

rFire    . . .     SeeInvis .     - Unarmed
rCold    . . .     Gourm    +   (no shield)
rNeg     . . .     Faith    .   a - +0 robe
rPois    +         Spirit   .   x - +0 hat
rElec    .         Reflect  .   i - +0 cloak
rCorr    .         Harm     .   (gloves unavailable)
MR       .....                  (boots unavailable)
Stlth    +++.......             (no amulet)
HPRegen  0.68/turn              j - +6 ring of dexterity
MPRegen  0.12/turn              q - ring of poison resistance

@: very slow
A: large, unfitting armour, claws 3, fast metabolism 3, gourmand, regeneration
1, shaggy fur 1, tough skin 2
a: Bend Time, Temporal Distortion, Slouch, Step From Time, Renounce Religion


You were on level 10 of the Dungeon.
You worshipped Cheibriados.
Cheibriados was extremely pleased with you.
You were very full.

You visited 2 branches of the dungeon, and saw 12 of its levels.
You also visited: Ossuary.

You collected 465 gold pieces.

Inventory:

Armour
 a - a +0 robe (worn)
 i - a +0 cloak (worn)
 x - a +0 hat (worn)
Jewellery
 d - the ring of Vim Xeibrue {+Fly rN+}
   (You found it on level 4 of the Dungeon)

   [ring of flight]

   It protects you from negative energy.
   It lets you fly.
 j - a +6 ring of dexterity (left claw)
 q - a ring of poison resistance (right claw)
 B - an uncursed ring of resist corrosion
 J - a cursed ring of stealth {unknown}
Wands
 y - a wand of paralysis (17)
Scrolls
 c - 2 scrolls of holy word {unknown}
 f - 7 scrolls of teleportation {unknown}
 g - 4 scrolls of remove curse {unknown}
 h - 3 scrolls of blinking {unknown}
 k - 2 scrolls of immolation
 l - 2 scrolls of enchant armour
 o - a scroll of magic mapping
 u - 4 scrolls of enchant weapon
 A - 2 scrolls of random uselessness
 D - 2 scrolls of silence
 G - 2 scrolls of noise
 H - a scroll of amnesia {unknown}
 L - a scroll of identify
 M - a scroll of fear {unknown}
Potions
 e - 5 potions of curing
 m - 5 potions of heal wounds {unknown}
 n - a potion of berserk rage {unknown}
 p - 2 potions of magic {unknown}
 r - 2 potions of ambrosia {unknown}
 s - a potion of agility {unknown}
 t - 2 potions of lignification {unknown}
 v - a potion of cancellation {unknown}
 w - 2 potions of might {unknown}
 z - 2 potions of flight {unknown}
 C - 3 potions of mutation {unknown}
 E - 2 potions of degeneration {unknown}
 F - 3 potions of haste {unknown}
 I - a potion of invisibility {unknown}
 K - a potion of brilliance {unknown}
Comestibles
 b - 16 rations
 N - 2 chunks of flesh


   Skills:
 + Level 7.8 Fighting
 + Level 7.9 Dodging
 - Level 1.0 Stealth
 * Level 12.4 Unarmed Combat


You had 10 spell levels left.
You didn't know any spells.

Dungeon Overview and Level Annotations

Branches:
Dungeon (11/15)            Temple (1/1) D:4            Lair (0/6) D:11
    Orc: D:9-12

Altars:
Cheibriados
Dithmenos
Elyvilon
Fedhas
Gozag
Hepliaklqana
Makhleb
Nemelex Xobeh
Okawaru
Qazlal
Ru
Sif Muna
Trog
Uskayaw
Vehumet
Xom
Yredelemnul
Zin

Shops:
D:8 }   D:9 ((%

Annotations:
D:11 Sonja


Innate Abilities, Weirdness & Mutations

You are too large for most types of armour.
You have claws for hands.
Your metabolism is lightning-fast.
You like to eat raw meat.
Your natural rate of healing is unusually fast.
You are covered in fur. (AC +1)
You have very tough skin. (AC +2)


Message History

There is a stone staircase leading up, spattered with blood here.
The yak closely misses you. The yak gores you! The yak misses you.
The yak gores you! The death yak gores you!
* * * LOW HITPOINT WARNING * * *
The yak barely misses you.
The yak bellows!
You climb upwards.
There is a stone staircase leading down, spattered with blood here.
The death yak closely misses you. The yak gores you but does no damage.
The death yak gores you but does no damage.
The yak barely misses you. The death yak gores you!!
* * * LOW HITPOINT WARNING * * *
The yak gores you.
* * * LOW HITPOINT WARNING * * *
The death yak closely misses you. The yak gores you!
* * * LOW HITPOINT WARNING * * *
The death yak closely misses you. The yak misses you. The death yak gores you.
You die...

#...........###.......'..###....#
#........#### #...)..>##...+....#
########## #..>....######....#
#.......# ###'## ##'###### #..#
#.# ##.### #####'####### #.....
#.....Y.....#####.....
###########....@Y.....'..##.....
##.........'...YYY.....##........
...#########....YY.....#####.....
.### #...........# #..... ##
#.......>...# #.....
#.......<...# #.....
#...........# #....(
############# ######


You could see 2 death yaks and 5 yaks.

Vanquished Creatures
  Harold (D:10)
  Erica (D:8)
  Nergalle (D:10)
  Pikel (D:9)
  2 trolls (D:10)
  A hornet (D:9)
  3 hippogriffs
  2 dream sheep (D:9)
  A wraith (D:10)
  A wyvern (D:10)
  5 yaks
  A steam dragon (D:8)
  A hungry ghost (D:2)
  A water moccasin (D:5)
  An orc warrior (D:10)
  2 sky beasts
  3 ice beasts
  A phantom (D:10)
  2 slaves (D:9)
  3 ogres
  2 centaurs
  A crocodile (D:8)
  2 big kobolds (D:9)
  8 bullfrogs
  4 scorpions
  11 killer bees (D:10)
  3 wights (D:9)
  3 crimson imps
  4 centaur zombies
  5 hounds
  An orc priest (D:9)
  5 orc wizards
  Jessica (D:2)
  5 iguanas
  4 worker ants
  5 big kobold zombies (Ossuary)
  A hound zombie (D:7)
  4 mummies (Ossuary)
  A gnoll (D:4)
  5 adders
  5 shadow imps
  An ooze (D:1)
  A worm zombie (D:8)
  An adder zombie (D:5)
  2 dart slugs (D:1)
  2 leopard geckos
  28 orcs
  5 giant cockroaches
  11 goblins
  6 hobgoblins
  6 jackals
  6 kobolds
  5 quokkas
  A ball python (D:2)
  7 bats
  5 frilled lizards
  2 hobgoblin zombies (Ossuary)
  A leopard gecko skeleton (D:4)
  9 rats
213 creatures vanquished.

Notes
Turn   | Place    | Note
-------+----------+-------------------------------------------
     0 | D:1      | galech the Troll Monk began the quest for the Orb.
     0 | D:1      | Reached XP level 1. HP: 22/22 MP: 0/0
   161 | D:1      | Reached XP level 2. HP: 29/29 MP: 1/1
   256 | D:1      | Found an opulent altar of Gozag.
   398 | D:1      | Reached XP level 3. HP: 36/36 MP: 2/2
   721 | D:2      | Found a transporter.
   721 | D:2      | Found a transporter.
   735 | D:2      | Noticed a hungry ghost
   737 | D:2      | Found a glowing silver altar of Zin.
  1087 | D:2      | Noticed Jessica
  1091 | D:2      | Killed Jessica
  1091 | D:2      | Reached XP level 4. HP: 33/44 MP: 3/3
  1508 | D:3      | Reached skill level 4 in Unarmed Combat
  2435 | D:4      | Reached XP level 5. HP: 53/53 MP: 4/4
  2443 | D:4      | Got a flickering steel ring
  2444 | D:4      | Identified the ring of Vim Xeibrue {+Fly rN+} (You found it on level 4 of the Dungeon)
  2508 | D:4      | Noticed an ogre
  2514 | D:4      | Killed an ogre
  2540 | D:4      | Found a staircase to the Ecumenical Temple.
  2552 | Temple   | Entered the Ecumenical Temple
  2604 | Temple   | Became a worshipper of Cheibriados the Contemplative
  2604 | Temple   | Reached * piety under Cheibriados
  2604 | Temple   | Reached ** piety under Cheibriados
  3046 | D:4      | Reached skill level 5 in Unarmed Combat
  3047 | D:4      | Reached XP level 6. HP: 55/61 MP: 5/5
  3301 | D:5      | Entered Level 5 of the Dungeon
  3379 | D:5      | Noticed a water moccasin
  3401 | D:5      | Killed a water moccasin
  3603 | D:5      | Reached XP level 7. HP: 68/68 MP: 6/6
  3745 | D:5      | Reached skill level 6 in Unarmed Combat
  4181 | D:6      | Found an iron altar of Okawaru.
  4240 | D:6      | Reached *** piety under Cheibriados
  4336 | D:6      | Reached skill level 7 in Unarmed Combat
  4357 | D:6      | Reached XP level 8. HP: 79/79 MP: 7/7
  5110 | D:7      | Reached skill level 5 in Dodging
  5184 | D:7      | Reached skill level 5 in Fighting
  5184 | D:7      | Reached skill level 8 in Unarmed Combat
  5478 | D:8      | Found Rabuttepp's Gadget Emporium.
  5498 | D:8      | You fall through a shaft!
  5520 | D:9      | Noticed a hippogriff
  5532 | D:9      | Killed a hippogriff
  5558 | D:9      | Reached **** piety under Cheibriados
  5560 | D:9      | Reached XP level 9. HP: 35/88 MP: 8/8
  5594 | D:9      | Reached skill level 9 in Unarmed Combat
  5601 | D:9      | Found Medi's Antique Weapon Shop.
  5644 | D:8      | Found a sacrificial altar of Ru.
  5688 | D:8      | Found a sand-covered staircase.
  5696 | Ossuary  | Entered an ossuary
  6113 | D:8      | Found a basalt altar of Yredelemnul.
  6113 | D:8      | Found a sparkling altar of Nemelex Xobeh.
  6152 | D:8      | Noticed Erica
  6157 | D:8      | Killed Erica
  6157 | D:8      | Reached skill level 10 in Unarmed Combat
  6344 | D:2      | Reached ***** piety under Cheibriados
  6514 | D:8      | Reached XP level 10. HP: 91/100 MP: 9/9
  6871 | D:9      | Noticed Pikel
  6885 | D:9      | Killed Pikel
  6915 | D:9      | Found Mipaagec's Food Shoppe.
  6997 | D:9      | Reached skill level 11 in Unarmed Combat
  7041 | D:9      | Found a burning altar of Makhleb.
  7041 | D:9      | Found a hide-covered altar of Uskayaw.
  7165 | D:9      | Found Pashieg's Antique Weapon Shoppe.
  7440 | D:10     | Entered Level 10 of the Dungeon
  7484 | D:10     | Noticed Sonja
  7627 | D:10     | Noticed Harold
  7641 | D:10     | Killed Harold
  7703 | D:10     | Reached skill level 12 in Unarmed Combat
  7824 | D:10     | Noticed Nergalle
  7839 | D:10     | Killed Nergalle
  7839 | D:10     | Reached XP level 11. HP: 80/109 MP: 10/10
  8227 | D:11     | Found a staircase to the Lair.
  8227 | D:11     | Noticed a death yak
  8227 | D:11     | Noticed a death yak
  8230 | D:11     | Noticed a death yak
  8230 | D:11     | Noticed a five-headed hydra
  8231 | D:11     | Noticed a death yak
  8231 | D:11     | Noticed a death yak
  8297 | D:11     | Noticed a two-headed ogre
  8300 | D:11     | Noticed a green ugly thing
  8358 | D:10     | HP: 1/111 [yak (10)]
  8359 | D:10     | Slain by a death yak

Vault maps used:
D:1:      dpeg_arrival_concentric_ovals, minmay_hexomino_r4
D:2:      gammafunk_temple_overflow_arena, uniq_jessica
D:4:      temple_hall, cheibrodos_gnoll_hut
D:5:      first_ration, grunt_ministairs_4
D:6:      okawaru_metal_pillars_1_2, dk_vineyard_2, grunt_ministairs_3
D:8:      kennysheep_little_box, grunt_temple_overflow_open, enter_ossuary_3,
          serial_shops, shop, uniq_erica
D:9:      gammafunk_temple_overflow_wave, serial_shops, nicolae_shop_crystal,
          shop, nicolae_shop_stone, hangedman_ranch, serial_bayou_crossing,
          uniq_pikel
D:10:     uniq_nergalle, uniq_harold, uniq_sonja
D:11:     gammafunk_beogh_shrine, dpeg_lair_monsters, david_orc_4
Temple:   regret_index_temple_waves
Ossuary:  ossuary_the_hunt_dpeg

Skill      XL: |  1  2  3  4  5  6  7  8  9 10 |
---------------+-------------------------------+-----
Dodging        | 3 4 5 6 7 |  7.9
Unarmed Combat | 4 5 7 8 10 12 | 12.4
Fighting       | 3 4 5 6 7 |  7.8
Stealth        | |  1.0

Action                   |  1- 3 |  4- 6 |  7- 9 | 10-12 || total
-------------------------+-------+-------+-------+-------++-------
Melee: Unarmed           |    67 |   149 |   226 |   138 ||   580
       Punch             |       |     2 |    17 |    10 ||    29
  Use: Scroll            |       |       |     7 |       ||     7
 Stab: Sleeping          |       |     4 |     8 |     1 ||    13
       Distracted        |       |       |     1 |       ||     1
  Eat: Chunk             |    15 |    20 |    18 |    12 ||    65
Armor: Robe              |    42 |    53 |    43 |    19 ||   157
Dodge: Dodged            |    40 |    96 |   137 |   128 ||   401

Table legend:
 A = Spawn XP
 B = Non-spawn XP
 C = Spawn XP percentage of total XP
 D = Spawn monster count
 E = Non-spawn monster count
 F = Spawn count percentage of total count
 G = Total turns spent on level
                    A         B        C        D         E        F      G
               +---------+---------+-------+---------+---------+-------+---------
         Total |       0 |   12835 |   0.0 |       0 |     211 |   0.0 |  8359
               +---------+---------+-------+---------+---------+-------+---------
           D:1 |       0 |      43 |   0.0 |       0 |      21 |   0.0 |   702
           D:2 |       0 |     270 |   0.0 |       0 |      22 |   0.0 |   824
           D:3 |       0 |      67 |   0.0 |       0 |      25 |   0.0 |   994
           D:4 |       0 |     247 |   0.0 |       0 |       8 |   0.0 |   835
           D:5 |       0 |     622 |   0.0 |       0 |      17 |   0.0 |   847
           D:6 |       0 |     479 |   0.0 |       0 |      11 |   0.0 |   651
           D:7 |       0 |     676 |   0.0 |       0 |      13 |   0.0 |   759
           D:8 |       0 |    2275 |   0.0 |       0 |      21 |   0.0 |   814
           D:9 |       0 |    3242 |   0.0 |       0 |      30 |   0.0 |   697
          D:10 |       0 |    4623 |   0.0 |       0 |      30 |   0.0 |   907
       Ossuary |       0 |     291 |   0.0 |       0 |      13 |   0.0 |   250
               +---------+---------+-------+---------+---------+-------+---------
